 Dungeon Crawl Stone Soup version 0.25.1-2-g60ff931df9 (webtiles) character file.

Game seed: 7480832624581544527

315292 growler the Gelid (level 19, -5/165 HPs)
             Began as a Demigod Ice Elementalist on Oct 23, 2020.
             Killed from afar by Margery (58 damage)
             ... with a fireball
             ... on level 2 of the Vaults.
             The game lasted 02:31:44 (51719 turns).

growler the Gelid (Demigod Ice Elementalist)       Turns: 51719, Time: 02:31:45

Health: -5/165     AC: 30    Str: 19    XL:     19   Next: 71%
Magic:  3/37       EV: 22    Int: 27    God:
Gold:   1437       SH: 22    Dex: 25    Spells: 17/36 levels left

rFire    . . .     SeeInvis +   Y - +9 demon blade (elec)
rCold    . . .     Gourm    .   I - +2 kite shield
rNeg     . . .     Faith    .   n - +6 scale mail of Time Monsters {Int+7}
rPois    +         Spirit   .   h - +0 helmet
rElec    .         Reflect  +   s - +1 cloak {Stlth+}
rCorr    +         Harm     .   K - +2 pair of gloves {Dex+3}
MR       +....                  p - +2 pair of boots {Fly}
Stlth    +.........             D - amulet of reflection
HPRegen  0.37/turn              z - ring "Voyckoph" {rPois AC+4 Int-3 Dex+6 SInv}
MPRegen  0.25/turn              L - ring of resist corrosion

@: no potions, flying
A: high mp 1
}: 2/15 runes: serpentine, barnacled
a: Stop Flying


You were on level 2 of the Vaults.
You were not hungry.

You visited 6 branches of the dungeon, and saw 33 of its levels.

You collected 3224 gold pieces.
You spent 1787 gold pieces at shops.

Inventory:

Hand Weapons
 Y - a +9 demon blade of electrocution (weapon)
   (You found it on level 1 of the Lair of Beasts)
Missiles
 J - 4 throwing nets (quivered) {!f}
Armour
 h - a +0 helmet (worn)
   (You took it off Robin on level 4 of the Dungeon)
 n - the +6 scale mail of Time Monsters (worn) {Int+7}
   (You found it on level 1 of the Vaults)

   It affects your intelligence (+7).
 p - a +2 pair of boots of flying (worn)
   (You bought it in a shop on level 2 of the Orcish Mines)
 s - a +1 cloak of stealth (worn)
   (You took it off Nikola on level 2 of the Shoals)
 I - a +2 kite shield (worn)
   (You took it off a vault guard on level 1 of the Vaults)
 K - a +2 pair of gloves of dexterity (worn)
   (You found it on level 5 of the Dungeon)
 R - +2 fire dragon scales
   (You found it on level 6 of the Lair of Beasts)
Jewellery
 i - an uncursed ring of ice
   (You took it off Fannar on level 11 of the Dungeon)
 o - an uncursed ring of protection from cold
   (You found it on level 11 of the Dungeon)
 z - the ring "Voyckoph" (left hand) {rPois AC+4 Int-3 Dex+6 SInv}
   (You took it off a vault sentinel on level 1 of the Vaults)

   [ring of protection]

   It affects your AC (+4).
   It affects your intelligence (-3).
   It affects your dexterity (+6).
   It protects you from poison.
   It lets you see invisible.
 D - an amulet of reflection (around neck)
   (You bought it in a shop on level 4 of the Snake Pit)
 G - a +6 ring of intelligence
   (You found it on level 12 of the Dungeon)
 L - a ring of resist corrosion (right hand)
   (You found it on level 4 of the Lair of Beasts)
Wands
 c - a wand of disintegration (38)
   (You found it on level 1 of the Snake Pit)
 d - a wand of iceblast (52)
   (You found it on level 1 of the Lair of Beasts)
 t - a wand of flame (125)
   (You took it off Dowan on level 4 of the Dungeon)
 u - a wand of paralysis (3)
   (You took it off a naga mage on level 4 of the Snake Pit)
 v - a wand of digging (15)
   (You found it on level 13 of the Dungeon)
 x - a wand of acid (28)
   (You found it on level 11 of the Dungeon)
 O - a wand of polymorph (24)
   (You found it on level 12 of the Dungeon)
 X - a wand of clouds (3)
   (You found it on level 2 of the Vaults)
Scrolls
 g - 16 scrolls of remove curse {@r2}
 l - 8 scrolls of amnesia
 q - a scroll of immolation {!r}
 w - 6 scrolls of fear
 y - a scroll of summoning
 B - 6 scrolls of blinking
 C - 13 scrolls of identify {@r1}
 F - 5 scrolls of fog
 H - 2 scrolls of vulnerability {!r}
 N - 3 scrolls of magic mapping
 P - 10 scrolls of teleportation {@r4}
 Q - a scroll of torment {!r}
 U - 2 scrolls of silence
 V - 2 scrolls of holy word
Potions
 a - 5 potions of invisibility
 b - 6 potions of lignification {!q}
 f - 2 potions of mutation {!q}
 j - 5 potions of brilliance
 k - 3 potions of cancellation
 m - 10 potions of heal wounds {@q2}
 r - 10 potions of curing {@q1}
 A - 2 potions of resistance
 E - 5 potions of stabbing
 S - a potion of ambrosia
 W - 2 potions of magic
 Z - 6 potions of haste {@q3}
Miscellaneous
 T - 2 phantom mirrors
Comestibles
 e - 46 rations {!d}


   Skills:
 + Level 13.6 Fighting
 - Level 14.0 Long Blades
 - Level 13.0 Armour
 - Level 13.0 Dodging
 - Level 1.7 Stealth
 - Level 15.0 Shields
 - Level 9.0 Spellcasting
 - Level 4.0 Translocations
 - Level 16.0 Ice Magic
 + Level 1.9 Evocations


You had 17 spell levels left.
You knew the following spells:

 Your Spells              Type           Power        Failure   Level  Hunger
a - Freeze                Ice            ####         0%          1    None
b - Frozen Ramparts       Ice            ######       1%          3    None
c - Ozocubu's Armour      Chrm/Ice       ######..     1%          3    None
d - Summon Ice Beast      Ice/Summ       ######..     4%          4    #......
e - Ozocubu's Refrigerat  Ice            #######...   2%          6    ######.
f - Blink                 Tloc           N/A          3%          2    None

Your spell library contained the following spells:

 Spells                   Type           Power        Failure   Level  Hunger
 Apportation              Tloc           ####..       1%          1    None
 Hailstorm                Conj/Ice       ######..     4%          4    #......
 Ice Form                 Ice/Tmut       ######..     4%          4    #......
 Gell's Gravitas          Tloc           ####......   6%          3    None
 Lesser Beckoning         Tloc           ####......   6%          3    None
 Teleport Other           Tloc           ####....     6%          3    None
 Shroud of Golubria       Chrm/Tloc      ###...       7%          2    None
 Animate Skeleton         Necr           N/A          11%         1    None
 Corona                   Hex            ##.....      11%         1    None
 Foxfire                  Conj/Fire      ##..         11%         1    None
 Sandblast                Erth           ##....       11%         1    None
 Sting                    Tmut/Pois      ##..         11%         1    None
 Summon Butterflies       Summ           ##......     11%         1    None
 Summon Small Mammal      Summ           ##..         11%         1    None
 Metabolic Englaciation   Hex/Ice        ######....   11%         5    ####...
 Passwall                 Tmut/Erth      ##......     16%         2    None
 Poisonous Vapours        Pois/Air       ##....       16%         2    None
 Passage of Golubria      Tloc           N/A          21%         4    #......
 Confusing Touch          Hex            ##......     32%         3    None
 Conjure Flame            Conj/Fire      ##......     32%         3    None
 Ignite Poison            Fire/Tmut/Pois ##......     32%         3    None
 Inner Flame              Hex/Fire       ##......     32%         3    None
 Mephitic Cloud           Conj/Pois/Air  ##......     32%         3    None
 Stone Arrow              Conj/Erth      ##....       32%         3    None
 Tukima's Dance           Hex            ##......     32%         3    None
 Simulacrum               Ice/Necr       ######....   52%         6    ######.
 Cause Fear               Hex            ##........   71%         4    #......
 Olgreb's Toxic Radiance  Pois           ##......     71%         4    #......
 Petrify                  Tmut/Erth      ##......     71%         4    #......
 Sticky Flame             Conj/Fire      ##......     71%         4    #......
 Freezing Cloud           Conj/Ice/Air   #####.....   88%         6    ######.
 Alistair's Intoxication  Tmut/Pois      ##......     96%         5    ####...
 Fireball                 Conj/Fire      ##........   96%         5    ####...
 Irradiate                Conj/Tmut      ##........   96%         5    ####...
 Lee's Rapid Deconstruct  Erth           ##........   96%         5    ####...
 Silence                  Hex/Air        ##........   96%         5    ####...
 Yara's Violent Unravell  Hex/Tmut       ##........   96%         5    ####...
 Hydra Form               Tmut           ##........   100%        6    ######.
 Invisibility             Hex            ##......     100%        6    ######.
 Statue Form              Tmut/Erth      ##.......    100%        6    ######.
 Dragon Form              Tmut           ##........   100%        7    #######
 Discord                  Hex            ##........   100%        8    #######
 Shatter                  Erth           ##........   100%        9    #######


Dungeon Overview and Level Annotations

Branches:
Dungeon (15/15)            Temple (0/1) D:6            Lair (6/6) D:8
 Shoals (4/4) Lair:2        Snake (4/4) Lair:2        Slime (0/5) Lair:5
    Orc (2/2) D:11            Elf (0/3) Orc:2        Vaults (2/5) D:14
 Depths (0/5) D:15
  Crypt: Vaults:2-3

Shops:
D:7 *   Orc:2 [}%%   Snake:2 (   Snake:4 =}=   Vaults:1 *

Portals:
Pandemonium: Orc:2

Annotations:
D:6 3 runed translucent doors, Diggabert's ghost, novice MiFi; moonlapse's ghost, novice DrAs
D:9 1 runed translucent door, Snicker's ghost, novice MfIE
Vaults:2 Margery


Innate Abilities, Weirdness & Mutations

You have an increased reservoir of magic. (+10% MP)


Message History

The freezing wraith barely misses you.
You slash the freezing wraith!
The shadow slips into darkness.
The shadow flickers and vanishes for a moment.
You block the deep troll's attack.
The deep troll claws you but does no damage.
You block the deep troll's attack. The ghoul claws you but does no damage.
You block the ghoul's attack.
You hit the freezing wraith.
You block the freezing wraith's attack. x2
You slash the ghoul! Lightning courses through the ghoul!
You block the deep troll's attack. The deep troll closely misses you.
You block the deep troll's attack. You block the ghoul's attack.
The ghoul claws you but does no damage.
You hit the ghoul. Lightning courses through the ghoul!!
You destroy the ghoul!
The sentinel's mark upon you fades away.
A glowing shapeshifter simulacrum comes into view.
You slash the freezing wraith!
Lightning courses through the freezing wraith!!
You destroy the freezing wraith!
The deep troll completely misses you.
You riposte.
You slash the deep troll!
Lightning courses through the deep troll!
You block the deep troll's attack. x2
You hit the deep troll.
You block the freezing wraith's attack. x2
The deep troll bites you but does no damage.
The deep troll completely misses you. The deep troll barely misses you.
You slash the deep troll!
You kill the deep troll!
You block the deep troll's attack. x2; The deep troll claws you.
* * * LOW HITPOINT WARNING * * *
The vault sentinel blows a loud note on a signal horn!
The freezing wraith barely misses you.
You riposte.
You hit the freezing wraith but do no damage.
Lightning courses through the freezing wraith!
The freezing wraith completely misses you.
You slash the freezing wraith! You block the deep troll's attack.
The deep troll claws you but does no damage.
You block the deep troll's attack.
You closely miss the freezing wraith.
You block the freezing wraith's attack. x2
You barely miss the freezing wraith. You block the shadow's attack.
You block the deep troll's attack. x3
A hell knight comes into view. It is wielding a +4 war axe.
You slash the freezing wraith!
You block the freezing wraith's attack. x2
Margery the Dragonslayer comes into view.
She is wielding a +0 vorpal demon trident.
You block the shadow's attack.
A necromancer comes into view. It is wielding a +0 dagger.
The necromancer shouts!
Margery gestures at you while chanting.
The fireball explodes!
The fireball engulfs you!!!
You die...

#.....# #.......)
#.....# #.....)..
#.....(...#.....#
##'##....
#.........#.....#
#...##...
#........†#.....#
#....##..
#..8.).8..#.....#
#.....#..
#.....)...#.....#
#.....#..
#.........#.....#
#########
#......))W#@....#
#......).pT...Z.#
#....)...W#.....#
#++#+######........
+. #........ +
#.......p #...^.p@.
#........ #######


You could see Margery, a hell knight, a deep troll, a vault sentinel (catching
breath), a necromancer, a shadow (invisible) and a glowing shapeshifter
simulacrum.

Vanquished Creatures
  Vashnia (Snake:4)
  Nikola (Shoals:2)
  Rupert (D:12)
  Jorgrun (D:15)
  A sphinx (Vaults:2)
  Gastronok (Lair:1)
  Polyphemus (Shoals:2)
  A tengu reaver (Vaults:2)
  Agnes (D:14)
  8 nagarajas
  Ilsuiw (Shoals:2)
  2 fire giants (Vaults:2)
  2 orc warlords
  5 ironheart preservers
  Aizul (Snake:2)
  A ghoul (Vaults:2)
  6 vault wardens
  2 stone giants
  A deep elf demonologist (Vaults:2)
  An entropy weaver (Vaults:2)
  Nessos (D:12)
  Snorg (D:10)
  9 merfolk javelineers
  8 merfolk impalers
  An ettin (Vaults:2)
  Josephine (D:15)
  A fire dragon (Lair:6)
  8 yaktaur captains
  11 hydras
  Fannar (D:11)
  2 vault guards
  15 anacondas
  22 naga warriors
  2 catoblepae
  2 alligator snapping turtles (Shoals:4)
  A death knight (D:12)
  6 merfolk aquamancers
  6 centaur warriors
  14 two-headed ogres
  7 merfolk avatars
  Urug (Lair:3)
  A deep troll earth mage (Vaults:2)
  10 death yaks
  5 ogre magi
  9 shock serpents
  18 naga sharpshooters
  6 orc high priests (Orc:2)
  A deep elf knight (Vaults:2)
  A soul eater (Orc:2)
  5 salamander mystics
  7 skeletal warriors (D:15)
  A flayed ghost (Vaults:2)
  4 wizards
  A gelid demonspawn (Orc:2)
  14 sea snakes
  4 unseen horrors
  7 deep trolls (Vaults:2)
  A deep elf archer (Vaults:2)
  A glowing orange brain (Vaults:1)
  A lindwurm (Lair:6)
  14 naga ritualists
  A phantasmal warrior (D:15)
  An infernal demonspawn (Orc:2)
  8 ironbrand convokers
  20 harpies
  13 orc knights
  16 mana vipers
  A necromancer (D:15)
  6 orc sorcerers
  5 deep elf magi
  5 wolf spiders
  15 manticores
  3 fauns (Shoals:1)
  19 ugly things
  6 cyclopes
  39 black mambas
  12 salamanders
  10 merfolk sirens
  15 elephants
  6 vault sentinels
  7 guardian serpents
  5 water nymphs
  2 molten gargoyles (Lair:6)
  14 naga magi
  Maurice (D:12)
  A spiny frog (shapeshifter) (Vaults:1)
  3 rime drakes
  27 yaktaurs
  14 spiny frogs
  2 freezing wraiths (Vaults:2)
  2 kobold demonologists
  9 komodo dragons
  A yaktaur zombie (D:15)
  A hellwing (Orc:2)
  An efreet (D:13)
  A tengu conjurer (D:13)
  An ice devil (Orc:2)
  A yaktaur skeleton (D:15)
  6 meliai
  5 trolls
  7 wind drakes
  A queen bee (Lair:5)
  26 merfolk
  2 polar bears
  2 meliai (shapeshifter)
  3 hornets
  16 slime creatures
  A deep troll zombie (D:15)
  21 dream sheep
  3 blink frogs (Lair:4)
  A raiju (shapeshifter) (Vaults:1)
  5 snapping turtles
  14 hippogriffs
  2 shadows
  A ynoxinul (Orc:2)
  A spriggan (D:7)
  A tarantella (Vaults:2)
  A vampire (D:10)
  11 water elementals
  A fire dragon skeleton (D:15)
  A tarantella (shapeshifter) (D:15)
  Eustachio (D:6)
  7 wraiths
  7 wyverns
  73 yaks
  16 humans (D:14)
  7 basilisks
  4 steam dragons
  A hog (shapeshifter) (D:12)
  9 vampire mosquitoes
  A yak (shapeshifter) (Vaults:1)
  2 hungry ghosts
  3 wargs
  67 nagas
  6 porcupines
  Duvessa (D:4)
  5 acid dragons
  4 hell hounds (Lair:6)
  11 water moccasins
  48 orc warriors
  5 ice beasts
  4 black bears
  4 phantoms
  2 necrophages
  A sky beast (D:5)
  21 ogres
  19 wolves
  13 centaurs
  13 crocodiles
  A gnoll sergeant (D:9)
  5 big kobolds
  21 bullfrogs
  A wyvern zombie (D:10)
  Dowan (D:4)
  4 scorpions
  29 killer bees (Lair:5)
  4 electric eels
  4 wights (D:13)
  5 lava snakes (Lair:6)
  7 centaur zombies
  10 crimson imps
  A bullfrog zombie (D:12)
  7 hounds
  37 orc priests
  27 orc wizards
  3 bullfrog skeletons
  3 jellies
  2 centaur skeletons
  4 iguanas
  4 hell rats (Lair:3)
  9 worker ants
  A hound zombie (D:5)
  Robin (D:4)
  A hound skeleton (D:6)
  8 gnolls
  12 adders
  A river rat (Lair:5)
  2 shadow imps
  An ooze (D:1)
  2 adder skeletons
  An adder zombie (D:9)
  5 worms
  2 dart slugs (D:1)
  3 leopard geckos
  131 orcs
  5 giant cockroaches
  19 goblins
  16 hobgoblins
  6 jackals
  23 kobolds
  5 quokkas
  3 ball pythons
  13 bats
  7 frilled lizards
  A quokka zombie (D:8)
  11 rats
  24 plants
1544 creatures vanquished.

Vanquished Creatures (collateral kills)
  Erolcha (D:11)
  A hydra (Lair:3)
  2 electric eels (Lair:2)
4 creatures vanquished.

Vanquished Creatures (others)
  13 bushes (D:15)
  4 fungi
  14 plants
  9 withered plants (D:15)
40 creatures vanquished.

Grand Total: 1588 creatures vanquished

Notes
Turn   | Place    | Note
-------+----------+-------------------------------------------
     0 | D:1      | growler the Demigod Ice Elementalist began the quest for
                  | the Orb.
     0 | D:1      | Reached XP level 1. HP: 14/14 MP: 5/5
   236 | D:1      | Reached skill level 4 in Ice Magic
   303 | D:1      | Reached XP level 2. HP: 20/20 MP: 5/7
   938 | D:1      | Reached XP level 3. HP: 23/26 MP: 5/8
   943 | D:1      | Learned a level 3 spell: Frozen Ramparts
  1647 | D:2      | Reached skill level 5 in Ice Magic
  1694 | D:2      | Found a faded altar of an unknown god.
  1888 | D:2      | Reached XP level 4. HP: 24/33 MP: 5/9
  2467 | D:2      | Learned a level 3 spell: Ozocubu's Armour
  2862 | D:3      | Reached skill level 6 in Ice Magic
  2862 | D:3      | Reached XP level 5. HP: 38/38 MP: 6/10
  3310 | D:4      | Reached XP level 6. HP: 45/45 MP: 7/11
  3446 | D:4      | Reached skill level 7 in Ice Magic
  3526 | D:4      | Noticed Robin
  3539 | D:4      | Killed Robin
  3544 | D:4      | Reached skill level 1 in Shields
  4114 | D:4      | Noticed Duvessa
  4114 | D:4      | Noticed Dowan
  4322 | D:3      | Learned a level 4 spell: Summon Ice Beast
  4403 | D:4      | Killed Duvessa
  4403 | D:4      | Reached XP level 7. HP: 47/50 MP: 5/15
  4423 | D:4      | Killed Dowan
  4553 | D:4      | Found a snail-covered altar of Cheibriados.
  4779 | D:5      | Entered Level 5 of the Dungeon
  5384 | D:6      | Noticed Eustachio
  5401 | D:6      | Reached skill level 1 in Fighting
  5403 | D:6      | Killed Eustachio
  5403 | D:6      | Reached XP level 8. HP: 59/61 MP: 12/17
  5469 | D:6      | Found a staircase to the Ecumenical Temple.
  5491 | D:6      | Reached skill level 8 in Ice Magic
  5653 | D:6      | You fall into a shaft and drop 3 floors!
  6451 | D:6      | Found a runed translucent gate.
  6452 | D:6      | Found a runed translucent gate.
  6452 | D:6      | Found a runed translucent gate.
  6453 | D:6      | Noticed moonlapse's ghost (novice DrAs)
  6454 | D:6      | Noticed Diggabert's ghost (novice MiFi)
  6611 | D:7      | Reached XP level 9. HP: 68/73 MP: 12/18
  6613 | D:7      | Reached skill level 9 in Ice Magic
  6617 | D:7      | Reached skill level 5 in Fighting
  6617 | D:7      | Reached skill level 5 in Shields
  6646 | D:7      | Found a flagged portal.
  6686 | D:7      | Found Heanysae's General Store.
  7475 | D:8      | Found a staircase to the Lair.
  7476 | D:8      | Noticed a komodo dragon
  7505 | D:8      | Killed a komodo dragon
  7754 | D:8      | Reached XP level 10. HP: 81/81 MP: 15/19
  8253 | D:9      | Reached skill level 10 in Ice Magic
  8775 | D:9      | Found a snail-covered altar of Cheibriados.
  8811 | D:9      | Found a runed translucent door.
  8835 | D:9      | Noticed Snicker's ghost (novice MfIE)
  9280 | D:10     | Entered Level 10 of the Dungeon
 10009 | D:10     | Noticed Snorg
 10031 | D:10     | Killed Snorg
 10031 | D:10     | Reached skill level 10 in Shields
 10317 | D:10     | Got a warped scimitar
 10318 | D:10     | Identified the cursed +3 scimitar "Jellyslayer" {drain,
                  | rF++ Str+3} (You found it on level 10 of the Dungeon)
 10705 | D:11     | Noticed Erolcha
 11030 | D:11     | Noticed a cyclops
 11093 | D:11     | Reached skill level 5 in Dodging
 11237 | D:11     | Killed Erolcha
 11282 | D:11     | Found a staircase to the Orcish Mines.
 11478 | D:11     | Noticed a purple ugly thing
 11494 | D:11     | Reached XP level 11. HP: 77/86 MP: 12/20
 11663 | D:11     | Noticed Fannar
 11682 | D:11     | Killed Fannar
 12342 | Lair:1   | Entered Level 1 of the Lair of Beasts
 12632 | Lair:1   | Reached skill level 1 in Long Blades
 12726 | Lair:1   | Identified the Grimoire of Cold and Stones
 13294 | Lair:1   | You fall into a shaft and drop 1 floor!
 13374 | Lair:2   | Found a staircase to the Snake Pit.
 13716 | Lair:2   | Found a staircase to the Shoals.
 13819 | Lair:1   | Noticed Gastronok
 13839 | Lair:1   | Killed Gastronok
 15071 | Lair:2   | Reached XP level 12. HP: 94/94 MP: 16/21
 15496 | Lair:3   | Noticed an eight-headed hydra
 15520 | Lair:3   | Killed an eight-headed hydra
 15829 | Lair:3   | Noticed a five-headed hydra
 15848 | Lair:3   | Killed a five-headed hydra
 16133 | Lair:3   | Noticed Urug
 16144 | Lair:3   | Killed Urug
 16471 | Lair:3   | Reached skill level 10 in Long Blades
 17213 | Lair:4   | Noticed a seven-headed hydra
 17223 | Lair:4   | Killed a seven-headed hydra
 17826 | Lair:4   | Reached XP level 13. HP: 100/100 MP: 22/22
 18409 | Lair:5   | Found a viscous altar of Jiyva.
 18409 | Lair:5   | Found a staircase to the Slime Pits.
 20108 | Lair:6   | Entered Level 6 of the Lair of Beasts
 20500 | Lair:6   | Reached XP level 14. HP: 74/111 MP: 10/24
 21299 | Lair:6   | Reached skill level 10 in Dodging
 21445 | Lair:6   | Found a large runed translucent door.
 21713 | Lair:6   | Found a large runed translucent door.
 22463 | Orc:1    | Entered Level 1 of the Orcish Mines
 22545 | Orc:1    | Noticed an orc warlord
 22572 | Orc:1    | Reached skill level 1 in Armour
 22576 | Orc:1    | Killed an orc warlord
 22915 | Orc:1    | Found a roughly hewn altar of Beogh.
 23153 | Orc:2    | Entered Level 2 of the Orcish Mines
 23213 | Orc:2    | Found a staircase to the Elven Halls.
 23717 | Orc:2    | Learned a level 6 spell: Ozocubu's Refrigeration
 23812 | Orc:2    | Found Siczyj's Food Shoppe.
 23848 | Orc:2    | Found Douruadozu's Food Emporium.
 24267 | Orc:2    | Found a roughly hewn altar of Beogh.
 24562 | Orc:2    | Reached skill level 5 in Armour
 24762 | Orc:2    | Reached skill level 5 in Spellcasting
 25160 | Orc:2    | Found Desi Zom's Gadget Boutique.
 25160 | Orc:2    | Found a one-way gate leading to the halls of Pandemonium.
 25160 | Orc:2    | Found Naoleimi's Antique Armour Shop.
 25164 | Orc:2    | Bought a pair of glowing boots for 247 gold pieces
 25284 | D:12     | Noticed Maurice
 25292 | D:12     | Killed Maurice
 25868 | D:12     | Noticed Nessos
 25878 | D:12     | Killed Nessos
 26193 | D:12     | Reached XP level 15. HP: 105/121 MP: 20/29
 26281 | D:12     | Found a burning altar of Makhleb.
 26542 | D:12     | Noticed Rupert
 26553 | D:12     | Paralysed by Rupert for 2 turns
 26574 | D:12     | Killed Rupert
 28343 | D:14     | Identified a scroll of acquirement
 28345 | D:14     | Acquired a manual of Ice Magic
 28368 | D:14     | Noticed Agnes
 28393 | D:14     | Killed Agnes
 28393 | D:14     | Reached skill level 11 in Ice Magic
 28665 | D:14     | Found a gate to the Vaults.
 29127 | D:15     | Entered Level 15 of the Dungeon
 29349 | D:15     | Noticed Josephine
 29357 | D:15     | Killed Josephine
 29387 | D:15     | Reached skill level 12 in Ice Magic
 29636 | D:15     | Noticed Jorgrun
 30236 | D:15     | Killed Jorgrun
 30344 | D:15     | Found a staircase to the Depths.
 30348 | D:15     | Reached XP level 16. HP: 116/128 MP: 28/31
 30371 | D:15     | Reached skill level 13 in Ice Magic
 31379 | Snake:1  | Entered Level 1 of the Snake Pit
 31797 | Snake:1  | Reached skill level 14 in Ice Magic
 33921 | Snake:2  | Found Zaonla's Weapon Shop.
 33928 | Snake:2  | Reached skill level 15 in Ice Magic
 34278 | Snake:2  | Noticed Aizul
 34304 | Snake:2  | Killed Aizul
 35418 | Snake:3  | Reached skill level 15 in Shields
 36529 | Snake:3  | Reached XP level 17. HP: 109/136 MP: 25/32
 37411 | Snake:4  | Entered Level 4 of the Snake Pit
 37500 | Shoals:1 | Entered Level 1 of the Shoals
 37539 | Shoals:1 | Got a dazzling ring mail
 38296 | Shoals:1 | Identified the cursed +0 ring mail of Bekh {-Tele rElec
                  | SInv} (You found it on level 1 of the Shoals)
 38747 | Shoals:2 | Noticed Polyphemus
 38902 | Shoals:2 | Killed Polyphemus
 39443 | Shoals:2 | Noticed Ilsuiw
 39450 | Shoals:2 | Noticed Nikola
 39455 | Shoals:2 | Killed Ilsuiw
 39949 | Shoals:2 | Killed Nikola
 42670 | Snake:4  | Reached skill level 10 in Fighting
 43261 | Snake:4  | Reached skill level 10 in Armour
 43269 | Snake:4  | Reached skill level 16 in Ice Magic
 44174 | Snake:4  | Reached XP level 18. HP: 136/149 MP: 20/36
 44179 | Snake:4  | Noticed Vashnia
 44307 | Snake:3  | Learned a level 2 spell: Blink
 44459 | Snake:4  | Reached skill level 1 in Translocations
 44748 | Snake:4  | Killed Vashnia
 45419 | Snake:4  | Found Agolaemn's Jewellery Shoppe.
 45419 | Snake:4  | Found Zuissoju's Gadget Shop.
 45420 | Snake:4  | Found Xaanil's Jewellery Shoppe.
 45429 | Snake:4  | Bought an uncursed amulet of reflection for 540 gold pieces
 45682 | Snake:4  | Got a serpentine rune of Zot
 46353 | Shoals:4 | Entered Level 4 of the Shoals
 47865 | Shoals:4 | Got a barnacled rune of Zot
 48650 | Vaults:1 | Entered Level 1 of the Vaults
 48961 | Vaults:1 | Identified the ring "Voyckoph" {rPois AC+4 Int-3 Dex+6
                  | SInv}
 49005 | Vaults:1 | Reached XP level 19. HP: 116/161 MP: 16/37
 49319 | Vaults:1 | Got an opal-encrusted scale mail
 49357 | Vaults:1 | Identified the +6 scale mail of Time Monsters {Int+7} (You
                  | found it on level 1 of the Vaults)
 49409 | Vaults:1 | Found Acoo's Assorted Antiques.
 49474 | Vaults:1 | Bought a metal-bound book for 600 gold pieces
 49474 | Vaults:1 | Bought 2 potions of heal wounds for 400 gold pieces
 50379 | Vaults:2 | Identified the amulet of Traps {Spirit rN+ Str+4}
 51700 | Vaults:2 | Reached skill level 1 in Evocations
 51718 | Vaults:2 | Noticed Margery
 51719 | Vaults:2 | Killed from afar by Margery

Illustrated notes

Levels and vault maps discovered:
D:1:      minmay_arrival_four_houses, layout_loops_ring
D:2:      layout_basic, chequers_ecumenical_altar_twisty, minmay_lizard_pond
D:3:      layout_rooms
D:4:      layout_cave_pods, kennysheep_mini_moat, first_ration, uniq_robin,
          uniq_duvessa
D:5:      layout_rooms
D:6:      layout_loops_ring, temple_pool_b, gammafunk_ghost_cemetery,
          uniq_eustachio
D:7:      layout_rooms, serial_shops, shop, enter_bailey_7, the_bakery,
          minivault_23
D:8:      layout_rooms, david_lair_shrubbed, serial_glass, glass_columns_c,
          glass_columns_b, glass_columns_b, glass_columns_a, glass_columns_a,
          glass_columns_a, glass_columns_a, glass_columns_c, glass_columns_b,
          glass_columns_c, glass_columns_c, glass_columns_a, glass_columns_a,
          glass_columns_c, roderic_batcave
D:9:      layout_long_grid, ebering_ghost_reflecting_pool, serial_bayou,
          serial_bayou_lagoon_a, serial_bayou_pond_a, serial_bayou_pond_e,
          serial_bayou_pond_c, chei_slow_surprise
D:10:     cheibrodos_steamvent, layout_loops_ring, uniq_snorg
D:11:     layout_irregular_city, hiddenorc1_lemuel, uniq_erolcha, uniq_fannar
D:12:     minmay_the_grid_triangle_9x9_recursive_2_mashed
          [minmay_the_grid_triangle_9x9_prize_top_heavy,
          minmay_the_grid_triangle_9x9_wacky_v,
          minmay_the_grid_triangle_9x9_shrine,
          minmay_the_grid_triangle_9x9_zippers_horizontal], layout_stronghold,
          minmay_tree_intersection, grunt_ministairs_13, uniq_maurice,
          uniq_nessos, uniq_rupert
D:13:     wad_woods_structure_01, layout_irregular_city
D:14:     layout_irregular_city, david_vaults_3, uniq_agnes
D:15:     gammafunk_depths_entry_grave, layout_loops_ring, serial_park_paths
          [serial_park_minivault_5x5_1], minivault_20, uniq_josephine,
          uniq_jorgrun
Lair:1:   layout_small_grid, minivault_19, patterned_corridor,
          serial_bayou_shore_a, lemuel_fruit_fields, grunt_megastairs_2,
          uniq_gastronok
Lair:2:   layout_gridlike, minmay_shoals_entry_centaurs,
          minmay_snake_entry_guardpost_small, portal_ice_cave_entry_pillars_1
Lair:3:   layout_cave_pods, chequers_serial_rivers_room_b, uniq_urug
Lair:4:   layout_cave_pods
Lair:5:   regret_index_wax_grids, layout_regular_city, slime_altar_1,
          beast_lair_carwin_5
Lair:6:   cheibrodos_lair_end_hotspot, layout_cave_pods,
          nicolae_lair_grove_arrangements, grunt_forest_stairs_basic
Shoals:1: layout_shoals
Shoals:2: layout_shoals, ldierk_geyser, uniq_polyphemus, uniq_ilsuiw,
          uniq_nikola
Shoals:3: layout_shoals
Shoals:4: shoals_end_simple, layout_shoals, shoal_ilsuiw
Snake:1:  layout_onion_interference, grunt_ministairs_6
Snake:2:  layout_basic, serial_shops, shop_fountains, uniq_aizul
Snake:3:  layout_layer_cave, grunt_ministairs_10, lemuel_fruit_tree
Snake:4:  johnstein_snake_rune_scales, layout_onion_interference,
          nicolae_large_snake_swirl, minmay_shop_grove, serial_bayou_shore_b
Orc:1:    layout_caves, basic_altar
Orc:2:    pf_orc_diabolical, layout_caves, basic_altar
Vaults:1: nicolae_vaults_little_squares_3, nicolae_vaults_alarming,
          vaults_mumra_chevron, nicolae_vaults_border_crossing, v_alt_pattern_3,
          dpeg_vaults_monster_box, ontoclasm_vaults_gallery,
          layout_vaults_big_room, serial_shops, nicolae_shop_overgrown_old_shop
Vaults:2: minmay_crypt_entry_simple_plaza, nicolae_vaults_stairing_the_circle,
          st_octagons_1, grunt_vaults_hallway_long, vaults_room_door_ring,
          vaults_room_door_hall, v_rooms_4, vaults_mumra_minichess_inversion,
          v_misc_18, ontoclasm_vaults_twist, nicolae_vaults_what_the_h,
          nicolae_vaults_asterisk, layout_vaults_ring, uniq_margery

Skill      XL: |  1  2  3  4  5  6  7  8  9 10 11 12 13 14 15 16 17 18 19 |
---------------+----------------------------------------------------------+-----
Spellcasting   | 2 3 4 6 7 9 |  9.0
Ice Magic      | 4 5 6 7 8 9 10 12 15 16 | 16.0
Shields        | 2 4 7 10 11 12 15 | 15.0
Fighting       | 2 4 5 6 8 10 12 13 | 13.6
Dodging        | 6 9 10 11 13 | 13.0
Long Blades    | 7 11 14 | 14.0
Armour         | 7 9 10 11 13 | 13.0
Translocations | 4 |  4.0
Evocations     | 1 |  1.9
Stealth        | |  1.7

Action                   |  1- 3 |  4- 6 |  7- 9 | 10-12 | 13-15 | 16-18 | 19-21 || total
-------------------------+-------+-------+-------+-------+-------+-------+-------++-------
Melee: Unarmed           |     3 |       |       |       |       |       |       ||     3
       Whip              |    21 |    49 |    89 |   118 |       |       |       ||   277
       Dagger            |       |       |    97 |     2 |       |       |       ||    99
       Scimitar          |       |       |       |    97 |       |       |       ||    97
       Demon blade       |       |       |       |   218 |  1367 |  1179 |   229 ||  2993
 Cast: Freeze            |    58 |    18 |    28 |    34 |    45 |     2 |       ||   185
       Frozen Ramparts   |     2 |    22 |    41 |    57 |    64 |    30 |       ||   216
       Ozocubu's Armour  |       |       |     3 |    17 |    10 |       |       ||    30
       Summon Ice Beast  |       |       |     1 |    13 |     4 |     3 |       ||    21
       Ozocubu's Refrige |       |       |       |       |       |   107 |    46 ||   153
 Abil: Stop Flying       |       |       |       |       |       |     2 |       ||     2
       Evoke Flight      |       |       |       |       |       |     2 |       ||     2
Evoke: Wand              |       |       |       |     2 |       |     9 |       ||    11
  Use: Scroll            |       |       |    10 |    16 |    19 |     6 |     1 ||    52
       Potion            |       |       |       |     1 |       |     2 |       ||     3
 Stab: Sleeping          |       |     1 |     1 |     3 |     4 |       |       ||     9
       Distracted        |       |       |       |     1 |     3 |       |       ||     4
       Invisible         |       |       |       |     3 |       |       |       ||     3
  Eat: Chunk             |     4 |     8 |    16 |    29 |    40 |    49 |    19 ||   165
       Ration            |       |       |     1 |     3 |     1 |    15 |     1 ||    21
Armor: Robe              |    12 |    16 |       |       |       |       |       ||    28
       Troll leather arm |       |    19 |     1 |       |       |       |       ||    20
       Leather armour    |       |     1 |   109 |   128 |    73 |       |       ||   311
       Fire dragon scale |       |       |       |       |   235 |   391 |     1 ||   627
       Scale mail        |       |       |       |       |       |       |    47 ||    47
Dodge: Dodged            |    61 |    52 |    88 |   255 |   518 |   514 |    97 ||  1585
Block: Buckler           |       |    10 |    18 |       |       |       |       ||    28
       Kite shield       |       |       |    99 |   296 |   630 |   764 |   224 ||  2013
       Reflection        |       |       |       |       |       |    30 |    18 ||    48
       Rpst.: Scimitar   |       |       |       |    11 |       |       |       ||    11
       Demon blade       |       |       |       |    34 |   129 |    95 |    16 ||   274
